 Dungeon Crawl Stone Soup version 0.17-a0-995-gb5fa8d7 (webtiles) character file.

104 esc the Insei (level 4, 0/37 HPs)
             Began as a Demonspawn Monk on May 12, 2015.
             Was a Believer of Okawaru.
             Slain by a hound (4 damage)
             ... on level 3 of the Dungeon.
             The game lasted 00:05:34 (1964 turns).

esc the Insei (Demonspawn Monk)                     Turns: 1964, Time: 00:05:34

Health: 0/37       AC:  7    Str: 12    XL:     4   Next: 52%
Magic:  4/4        EV: 14    Int: 11    God:    Okawaru [**....]
Gold:   143        SH:  0    Dex: 15    Spells: 0 memorised, 3 levels left

rFire  . . .     SeeInvis .       - Unarmed
rCold  . . .     Clarity  .     a - +0 robe
rNeg   . . .     SustAb   .     (no shield)
rPois  .         Gourm    .     (no helmet)
rElec  .         Spirit   .     h - +0 cloak
rCorr  .         Warding  .     (no gloves)
rMut   .         Stasis   .     (no boots)
MR     +....                    d - amulet of regeneration {+regen, !d}
Stlth  ++........               (no ring)
                                p - ring of protection from magic {MR+, !d}

@: lethally poisoned (0 -> 0), somewhat resistant to hostile enchantments,
unstealthy
A: rough black scales 1
a: Heroism, Renounce Religion


You were on level 3 of the Dungeon.
You worshipped Okawaru.
Okawaru was pleased with you.
You were not hungry.

You visited 1 branch of the dungeon, and saw 4 of its levels.

You collected 143 gold pieces.

Inventory:

Hand weapons
 n - a +0 war axe of chopping
   (You found it on level 2 of the Dungeon)
 z - a cursed +0 mace
   (You found it on level 3 of the Dungeon)
Missiles
 g - 3 curare-tipped needles
 l - 8 poisoned needles
Armour
 a - a +0 robe (worn)
 h - a +0 cloak (worn)
   (You found it on level 1 of the Dungeon)
Magical staves
 v - an uncursed staff of cold {rC+}
   (You found it on level 3 of the Dungeon)
Jewellery
 d - an amulet of regeneration (around neck) {+regen, !d}
   (You found it on level 1 of the Dungeon)
 e - an uncursed amulet of resist corrosion {rCorr, !d}
   (You found it on level 1 of the Dungeon)
 p - a ring of protection from magic (left hand) {MR+, !d}
   (You found it on level 2 of the Dungeon)
 r - an uncursed amulet of warding {Ward, rN+, !d}
   (You found it on level 2 of the Dungeon)
Magical devices
 k - a wand of frost (22)
   (You took it off a hobgoblin on level 3 of the Dungeon)
 s - a wand of draining (4)
   (You found it on level 3 of the Dungeon)
Scrolls
 q - a scroll of recharging {unknown}
 t - a scroll of magic mapping {unknown}
 u - a scroll of teleportation {unknown}
 w - 5 scrolls of remove curse
 y - 2 scrolls of enchant armour {unknown}
Potions
 c - 2 potions of curing {unknown}
 j - a potion of invisibility {unknown}
 m - 3 potions of degeneration {!q}
 o - a potion of poison {unknown}
Comestibles
 b - 2 bread rations {@e1}
 f - a meat ration {@e2}
 i - 3 fruits


   Skills:
 + Level 4.0 Fighting
 + Level 3.6 Dodging
 - Level 1.7 Stealth
 + Level 4.1 Unarmed Combat


You had 3 spell levels left.
You didn't know any spells.

Dungeon Overview and Level Annotations

Branches:
Dungeon (4/15)
 Temple: D:4-7

Altars:
Elyvilon
Fedhas
Kikubaaqudgha
Okawaru
Vehumet
The Shining One

Annotations:
D:2 exclusion: Terence, Terence


Innate Abilities, Weirdness & Mutations

You are partially covered in rough black scales (AC +4, Dex -1).


Message History

You closely miss the kobold. The kobold closely misses you.
You hit the kobold but do no damage. The kobold misses you.
You hit the kobold. The kobold closely misses you.
You hit the kobold but do no damage. The kobold hits you.
You take 4 damage, and have 33/37 hp.
You barely miss the kobold. The kobold barely misses you.
You hit the kobold but do no damage. You closely miss the kobold.
The kobold hits you but does no damage.
You hit the kobold.
You kill the kobold!
Okawaru accepts your kill.
No target in view!
c - 2 pink potions (gained 1)
A giant cockroach and a hobgoblin come into view.
The hobgoblin shouts!
Found a stone staircase leading down.
Health restored: 37
There are monsters nearby!
The hobgoblin misses you.
You barely miss the hobgoblin. The giant cockroach misses you.
You hit the hobgoblin. The giant cockroach barely misses you.
The hobgoblin misses you.
You hit the hobgoblin.
You kill the hobgoblin!
Okawaru accepts your kill. The giant cockroach bites you.
The giant cockroach completely misses you.
You take 2 damage, and have 35/37 hp.
You hit the giant cockroach but do no damage.
The giant cockroach bites you but does no damage.
You hit the giant cockroach but do no damage.
The giant cockroach closely misses you.
You hit the giant cockroach. Your punch misses the giant cockroach.
The giant cockroach bites you but does no damage.
You hit the giant cockroach but do no damage.
The giant cockroach barely misses you.
Health restored: 37 You hit the giant cockroach.
The giant cockroach barely misses you.
You hit the giant cockroach but do no damage.
The giant cockroach bites you but does no damage.
You closely miss the giant cockroach. The giant cockroach closely misses you.
You hit the giant cockroach but do no damage.
The giant cockroach barely misses you. x2
You hit the giant cockroach but do no damage.
The giant cockroach bites you but does no damage.
You hit the giant cockroach.
You kill the giant cockroach!
Okawaru accepts your kill.
Things that are here:
a club; a hobgoblin corpse Done exploring.
Done exploring.
There is an escape hatch in the floor here.
There is a stone staircase leading down here.
You climb downwards.
A hound and 3 gnolls come into view.
Found a gold wand.
Found an escape hatch in the floor.
There is a stone staircase leading up here.
Aim: a gnoll, wielding a spear of venom (resting)
Okay, then.
The hound barks!
The gnoll shouts!
A rat and a gnoll come into view.
The gnoll moves out of view.
The rat moves out of view.
The gnoll shouts!
You hear a shout!
The gnoll completely misses you. The hound bites you but does no damage.
The gnoll barely misses you. The hound bites you.
The gnoll hits you from afar with a spear of venom!
You are poisoned.
You climb upwards.
You feel sick.
There is a stone staircase leading down here.
You take 17 damage, and have 20/37 hp.
MASSIVE DAMAGE!!
You hit the hound.
You feel sick. The hound bites you.
You take 4 damage, and have 16/37 hp.
You punch the hound!
You feel sick. The hound barely misses you.
You take 1 damage, and have 15/37 hp.
You miss the hound.
You feel sick. The hound closely misses you. The hound barely misses you.
You hit the hound.
You feel sick. The hound bites you but does no damage.
You take 1 damage, and have 14/37 hp.
You hit the hound.
You feel sick. The hound barely misses you.
You barely miss the hound.
You feel sick. The hound barely misses you. The hound closely misses you.
You take 1 damage, and have 13/37 hp.
You hit the hound. The hound bites you but does no damage.
You hit the hound.
You feel sick. The hound bites you.
* * * LOW HITPOINT WARNING * * *
The hound bites you.
* * * LOW HITPOINT WARNING * * *
You take 8 damage, and have 6/37 hp.
MASSIVE DAMAGE!!
You closely miss the hound.
You feel sick. The hound barely misses you.
You hit the hound.
You feel sick. The hound barely misses you.
You take 1 damage, and have 5/37 hp.
You barely miss the hound. The hound closely misses you.
The hound barely misses you.
You hit the hound.
You feel sick. The hound bites you but does no damage.
You hit the hound.
You feel sick. The hound bites you.
You die...

..####.####.####............##
.## #..###..# ##.##........##
.### #....##.# #......÷.....#
...###.##.##.# ##...........#
.......##....# #.>.........#
...<.######..######..........#
.(.....# #..##..##..........#
.).....# #..#8..8#.........##
.####..# #...)h@...#......##
.# #..# #.#.†.....######## .##
#..# #[##8..8### ..###..#
#..##..## _......# ###.#.##
..#.#..# #...# .##.#..# ##..#
....#..# #### .####..#


You could see a hound.

Vanquished Creatures
  A hound skeleton (D:2)
  An adder (D:3)
  An ooze (D:1)
  3 worms (D:2)
  An adder skeleton (D:2)
  2 giant geckos
  2 orcs (D:3)
  A ball python (D:1)
  6 bats
  A bat skeleton (D:2)
  4 bat zombies (D:2)
  2 goblins
  8 hobgoblins
  4 jackals (D:3)
  A quokka (D:3)
  3 giant cockroaches (D:3)
  A giant gecko zombie (D:2)
  4 giant newts
  6 kobolds
  A quokka skeleton (D:2)
  8 rats
61 creatures vanquished.

Notes
Turn   | Place    | Note
--------------------------------------------------------------
     0 | D:1      | esc the Demonspawn Monk began the quest for the Orb.
     0 | D:1      | Reached XP level 1. HP: 18/18 MP: 1/1
   480 | D:1      | Gained mutation: You are partially covered in rough black scales (AC +4, Dex -1). [demonic ancestry]
   480 | D:1      | Reached XP level 2. HP: 24/24 MP: 2/2
   711 | D:2      | Reached skill level 3 in Dodging
   807 | D:2      | Reached XP level 3. HP: 29/29 MP: 3/3
  1271 | D:2      | Noticed Terence
  1340 | D:2      | Reached skill level 4 in Unarmed Combat
  1381 | D:3      | Reached XP level 4. HP: 34/37 MP: 4/4
  1415 | D:3      | Found a radiant altar of Vehumet.
  1529 | D:3      | Found a glowing golden altar of the Shining One.
  1595 | D:3      | Found an ancient bone altar of Kikubaaqudgha.
  1670 | D:3      | Reached skill level 4 in Fighting
  1675 | D:3      | Found an iron altar of Okawaru.
  1726 | D:3      | Became a worshipper of Warmaster Okawaru
  1726 | D:3      | Acquired Okawaru's first power
  1779 | D:3      | Found a blossoming altar of Fedhas.
  1845 | D:3      | Found a white marble altar of Elyvilon.
  1959 | D:3      | HP: 8/37 [hound (5)]
  1964 | D:3      | HP: 4/37 [poisoned by a gnoll]
  1964 | D:3      | Slain by a hound

Vault maps used:
D:1:      dpeg_arrival_simpleton_c, patterned_corridor
D:2:      serial_undead, serial_undead_c, serial_undead_c, serial_undead_c,
          serial_undead_d, serial_undead_f, serial_undead_c, serial_undead_b,
          serial_undead_e, serial_undead_e, serial_undead_e, uniq_terence
D:3:      grunt_temple_overflow_growth_and_decay,
          nicolae_overflow_crystal_walls, elyvilon_altar_3,
          vehumet_altar_wand_db, st_stairs_6, okawaru_metal_pillars_1_2
D:4:      yredelemnul_forgotten_temple_becter, serial_shops, shop, uniq_sigmund

Action                   |  1- 3 |  4- 6 || total
-------------------------+-------+-------++-------
Melee: Unarmed           |   168 |   114 ||   282
  Use: Scroll            |     1 |     1 ||     2
 Stab: Sleeping          |     1 |     1 ||     2
  Eat: Chunk             |     2 |     2 ||     4

Vault maps used:
D:1:      dpeg_arrival_simpleton_c, patterned_corridor
D:2:      serial_undead, serial_undead_c, serial_undead_c, serial_undead_c,
          serial_undead_d, serial_undead_f, serial_undead_c, serial_undead_b,
          serial_undead_e, serial_undead_e, serial_undead_e, uniq_terence
D:3:      grunt_temple_overflow_growth_and_decay,
          nicolae_overflow_crystal_walls, elyvilon_altar_3,
          vehumet_altar_wand_db, st_stairs_6, okawaru_metal_pillars_1_2
D:4:      yredelemnul_forgotten_temple_becter, serial_shops, shop, uniq_sigmund

Table legend:
 A = Turns spent in this place as a percentage of turns spent in the entire game.
 B = Non-inter-level travel turns spent in this place as a percentage of non-inter-level travel turns spent in the entire game.
 C = Inter-level travel turns spent in this place as a percentage of turns spent in this place.
 D = Turns resting spent in this place as a percentage of non-inter-level travel turns spent in this place.
 E = Turns spent auto-exploring this place as a percentage of non-inter-level travel turns spent in this place.
 F = Non-inter-level travel turns spent in this place divided by the number of levels of this place that you've seen.
                   A       B       C       D       E      F
               +-------+-------+-------+-------+-------+----------------------
         Total | 100.0 | 100.0 |   0.5 |   0.6 |   6.9 | 238.2
       Dungeon | 100.0 | 100.0 |   0.5 |   0.6 |   6.9 | 238.2
               +-------+-------+-------+-------+-------+----------------------

Table legend:
 A = Kills in this place as a percentage of kills in entire the game.
 B = Kills by you in this place as a percentage of kills by you in the entire game.
 C = Kills by friends in this place as a percentage of kills by friends in the entire game.
 D = Other kills in this place as a percentage of other kills in the entire game.
 E = Experience gained in this place as a percentage of experience gained in the entire game.
 F = Experience gained in this place divided by the number of levels of this place that you have seen.
                   A       B       C       D       E      F
               +-------+-------+-------+-------+-------+----------------------
         Total | 100.0 | 100.0 |  -nan |  -nan | 100.0 |  37.2
       Dungeon | 100.0 | 100.0 |  -nan |  -nan | 100.0 |  37.2
               +-------+-------+-------+-------+-------+----------------------
